 Dungeon Crawl Stone Soup version 0.23-a0-33-g1e3a2e4 (webtiles) character file.

249 zishaf the Changer (level 6, -3/32 HPs)
             Began as a Vine Stalker Transmuter on Aug 4, 2018.
             Was a Follower of Wu Jian.
             Slain by a gnoll
             ... wielding a +0 halberd
              (8 damage)
             ... on level 4 of the Dungeon.
             The game lasted 00:05:45 (3127 turns).

zishaf the Changer (Vine Stalker Transmuter)        Turns: 3127, Time: 00:05:46

Health: -3/32      AC:  7    Str: 13    XL:     6   Next: 12%
Magic:  0/10       EV: 12    Int: 15    God:    Wu Jian [*.....]
Gold:   172        SH:  0    Dex: 14    Spells: 3/9 levels left

rFire    . . .     SeeInvis .   q - +2 whip (venom)
rCold    . . .     Gourm    .   (no shield)
rNeg     . . .     Faith    .   e - +0 ring mail (curse)
rPois    .         Spirit   +   (no helmet)
rElec    .         Reflect  .   r - +0 cloak
rCorr    .         Harm     .   (no gloves)
MR       .....                  c - +0 pair of boots
Stlth    +.........             (no amulet)
HPRegen  0.50/turn              (no ring)
MPRegen  0.12/turn              (no ring)

@: no status effects
A: fangs 2, regeneration 1, magic shield, antimagic bite, no potion heal 3, rot
immunity
a: Renounce Religion


You were on level 4 of the Dungeon.
You worshipped Wu Jian.
Wu Jian was aware of your devotion.
You were not hungry.

You visited 1 branch of the dungeon, and saw 4 of its levels.

You collected 172 gold pieces.

Inventory:

Hand Weapons
 q - a +2 whip of venom (weapon)
Missiles
 a - 56 arrows
 u - 4 tomahawks (quivered)
Armour
 b - a +0 robe
 c - a +0 pair of boots (worn)
 e - a cursed +0 ring mail (worn)
 r - a +0 cloak (worn)
Wands
 m - a wand of random effects (22)
Scrolls
 f - 3 scrolls of enchant armour {unknown}
 g - 5 scrolls of identify {unknown}
 h - a scroll of magic mapping {unknown}
 i - a scroll of enchant weapon {unknown}
 j - a scroll of fear {unknown}
 k - a scroll of teleportation {unknown}
 n - 2 scrolls of remove curse {unknown}
Potions
 l - a potion of magic
 p - a potion of mutation {unknown}
 s - 2 potions of ambrosia {unknown}
 t - a potion of flight {unknown}
Comestibles
 d - 9 rations
 o - 5 chunks of flesh


   Skills:
 + Level 3.0 Fighting
 + Level 3.1 Dodging
 - Level 3.0 Unarmed Combat
 - Level 2.1 Spellcasting
 * Level 4.0 Transmutations


You had 3 spell levels left.
You knew the following spells:

 Your Spells              Type           Power        Failure   Level  Hunger
a - Beastly Appendage     Tmut           ##....       9%          1    #......
b - Blade Hands           Tmut           ##........   94%         5    ######.

Your spell library contained the following spells:

 Spells                   Type           Power        Failure   Level  Hunger
 Spider Form              Tmut/Pois      #.........   54%         3    ###....
 Ice Form                 Ice/Tmut       #.......     91%         4    #####..
 Sticks to Snakes         Tmut           ##......     14%         2    ###....


Dungeon Overview and Level Annotations

Branches:
Dungeon (4/15)
 Temple: D:4-7

Altars:
Ashenzari
Cheibriados
Nemelex Xobeh
Ru
Sif Muna
Wu Jian
Zin


Innate Abilities, Weirdness & Mutations

You have extremely sharp teeth.
Your natural rate of healing is unusually fast.
When hurt, damage is shared between your health and your magic reserves.
Your bite disrupts and absorbs the magic of your enemies.
Potions cannot restore your health.
You are immune to rotting.


Message History

The gnoll completely misses you.
You hit the gnoll.
The gnoll is poisoned.
The gnoll is almost dead.
You kill the gnoll!
The Council accepts your kill. The gnoll completely misses you.
You hit the gnoll.
The gnoll is poisoned.
Your bite misses the gnoll.
The gnoll is heavily wounded.
The gnoll hits you from afar with a halberd.
The gnoll barely misses you.
You closely miss the gnoll.
The gnoll is heavily wounded.
The gnoll hits you from afar with a halberd!
* * * LOW HITPOINT WARNING * * *
The gnoll closely misses you.
You barely miss the gnoll. You bite the gnoll. You drain its power.
You feel invigorated.
The gnoll is severely wounded.
The gnoll hits you from afar with a halberd!
You die...

##....#### ##.. .## #..###
##... ?..###### ##..#
####.... ........###
#..###....... ..........
##........... .........
#............ ........#
####............
........######...............
........(#gg@.####...........
.....##....#### ##..........
.... #.#### ##......... ..#
#.## ##........ # #.#
##....... ... ####.... ...
##..# #.# #.## ###


You could see 2 gnolls.

Vanquished Creatures
  A centaur (D:3)
  Crazy Yiuf (D:4)
  Jessica (D:2)
  2 gnolls (D:4)
  2 adders (D:2)
  3 worms (D:2)
  4 dart slugs
  3 leopard geckos
  2 orcs (D:3)
  10 bats
  3 giant cockroaches
  5 goblins
  10 hobgoblins
  8 kobolds
  A ball python (D:3)
  2 frilled lizards
  A leopard gecko skeleton (D:4)
  5 rats
64 creatures vanquished.

Notes
Turn   | Place    | Note
-------+----------+-------------------------------------------
     0 | D:1      | zishaf the Vine Stalker Transmuter began the quest for the Orb.
     0 | D:1      | Reached XP level 1. HP: 9/9 MP: 4/4
    20 | D:1      | Found a snail-covered altar of Cheibriados.
    91 | D:1      | Reached skill level 1 in Fighting
   234 | D:1      | Reached XP level 2. HP: 14/14 MP: 6/6
  1033 | D:2      | Found a sacrificial altar of Ru.
  1041 | D:2      | Reached XP level 3. HP: 8/18 MP: 7/7
  1072 | D:2      | HP: 1/27 [poisoned by an adder]
  1078 | D:2      | HP: 1/27 [poisoned by an adder]
  1375 | D:2      | Became a worshipper of Ru the Awakened
  1382 | D:2      | Found a shattered altar of Ashenzari.
  1392 | D:2      | Found a deep blue altar of Sif Muna.
  1397 | D:2      | Found an ornate altar of the Wu Jian Council.
  1409 | D:2      | Fell from the grace of Ru
  1409 | D:2      | Became a worshipper of the Wu Jian Council
  1667 | D:2      | Found a glowing silver altar of Zin.
  1667 | D:2      | Noticed Jessica
  1674 | D:2      | Killed Jessica
  1674 | D:2      | Reached skill level 3 in Transmutations
  1674 | D:2      | Gained mutation: Your natural rate of healing is unusually fast. [Vine Stalker growth]
  1674 | D:2      | Reached XP level 4. HP: 20/23 MP: 6/8
  1747 | D:2      | Found a sparkling altar of Nemelex Xobeh.
  2011 | D:2      | Reached * piety under Wu Jian
  2556 | D:3      | Noticed a centaur
  2564 | D:3      | Killed a centaur
  2564 | D:3      | Reached XP level 5. HP: 15/28 MP: 9/9
  2889 | D:3      | Learned a level 5 spell: Blade Hands
  2990 | D:4      | Found a runed door.
  2994 | D:4      | Noticed Crazy Yiuf
  3006 | D:4      | Killed Crazy Yiuf
  3006 | D:4      | Reached XP level 6. HP: 32/32 MP: 7/10
  3116 | D:4      | Reached skill level 4 in Transmutations
  3127 | D:4      | Slain by a gnoll

Vault maps used:
D:1:      dpeg_arrival_round_c, cheibriados_altar_1
D:2:      cheibrodos_old_hovel, lemuel_doored_altar,
          nicolae_overflow_crystal_walls, grunt_temple_overflow_cloverleaf,
          uniq_jessica
D:4:      supply_closet_lemuel, uniq_menkaure, uniq_sigmund,
          uniq_crazy_yiuf_cottage

Skill      XL: |  1  2  3  4  5  6 |
---------------+-------------------+-----
Fighting       | 1 2 3 |  3.0
Dodging        | 2 3 |  3.1
Transmutations | 3 4 |  4.0
Unarmed Combat | |  3.0
Spellcasting   | |  2.1

Action                   |  1- 3 |  4- 6 || total
-------------------------+-------+-------++-------
Melee: Unarmed           |   106 |    97 ||   203
       Bite              |    28 |    29 ||    57
       Punch             |     2 |       ||     2
       Whip              |       |    39 ||    39
Invok: Lunge             |     3 |    17 ||    20
       Whirlwind         |       |     2 ||     2
  Use: Potion            |     3 |       ||     3
  Eat: Chunk             |     2 |     5 ||     7
Armor: Ring mail         |    43 |    30 ||    73
Dodge: Dodged            |    50 |    90 ||   140

Table legend:
 A = Spawn XP
 B = Non-spawn XP
 C = Spawn XP percentage of total XP
 D = Spawn monster count
 E = Non-spawn monster count
 F = Spawn count percentage of total count
 G = Total turns spent on level
                    A         B        C        D         E        F      G
               +---------+---------+-------+---------+---------+-------+---------
         Total |       0 |     356 |   0.0 |       0 |      64 |   0.0 |  3127
               +---------+---------+-------+---------+---------+-------+---------
           D:1 |       0 |      26 |   0.0 |       0 |      13 |   0.0 |   954
           D:2 |       0 |     111 |   0.0 |       0 |      26 |   0.0 |  1356
           D:3 |       0 |     148 |   0.0 |       0 |      21 |   0.0 |   644
           D:4 |       0 |      71 |   0.0 |       0 |       4 |   0.0 |   173
               +---------+---------+-------+---------+---------+-------+---------
